 Dungeon Crawl Stone Soup version 0.22-a0-358-g7563fe7 (webtiles) character file.

31 Kikal the Vexing (level 3, -3/14 HPs)
             Began as a Felid Enchanter on Apr 18, 2018.
             Was an Initiate of Cheibriados.
             Slain by a shadow imp (6 damage)
             ... on level 2 of the Dungeon.
             The game lasted 00:05:04 (1726 turns).

Kikal the Vexing (Felid Enchanter)                  Turns: 1726, Time: 00:05:05

Health: -3/14      AC:  1    Str:  5    XL:     3   Next: 7%
Magic:  6/7        EV: 18    Int: 18    God:    Cheibriados [......]
Gold:   31         SH:  0    Dex: 17    Spells: 0/6 levels left
                                        Lives:  0   Deaths: 0

rFire    . . .     SeeInvis +     - Unarmed
rCold    . . .     Gourm    .   (shield unavailable)
rNeg     . . .     Faith    .   (armour unavailable)
rPois    .         Spirit   .   (helmet unavailable)
rElec    .         Reflect  .   (cloak unavailable)
rCorr    .         Harm     .   (gloves unavailable)
MR       .....                  (boots unavailable)
Stlth    +++.......             (no amulet)
HPRegen  0.04/turn              (no ring)
MPRegen  0.10/turn              (no ring)

@: slow
A: very small, no armour, no weapons or thrown items, stealth, claws 1, fangs 3,
see invisible, carnivore, speed 1, shaggy fur 1, slow metabolism 1, sharp paws
a: Bend Time, Renounce Religion


You were on level 2 of the Dungeon.
You worshipped Cheibriados.
Cheibriados was noncommittal.
You were completely stuffed.

You visited 1 branch of the dungeon, and saw 2 of its levels.

You collected 31 gold pieces.

Inventory:

Scrolls
 a - 4 scrolls of remove curse {unknown}
 c - 2 scrolls of identify {unknown}
 e - a scroll of magic mapping {unknown}
 l - a scroll of teleportation {unknown}
 n - a scroll of enchant armour {unknown}
 o - a scroll of amnesia {unknown}
Potions
 d - a potion of resistance {unknown}
 f - a potion of degeneration {unknown}
 g - a potion of haste {unknown}
 h - 2 potions of mutation {unknown}
 i - a potion of might {unknown}
 k - a potion of heal wounds {unknown}
 m - a potion of magic {unknown}
Comestibles
 b - 4 rations
 j - 4 chunks of flesh


   Skills:
 - Level 2.6 Dodging
 + Level 4.2 Stealth
 + Level 1.6 Unarmed Combat
 - Level 2.0 Spellcasting
 * Level 5.3 Hexes
 * Level 0.8 Ice Magic


You couldn't memorise any spells.
You knew the following spells:

 Your Spells              Type           Power        Failure   Level  Hunger
a - Corona                Hex            ###....      1%          1    #......
b - Ensorcelled Hibernat  Hex/Ice        ##....       8%          2    ###....
c - Confuse               Hex            ###.....     6%          3    ###....


Dungeon Overview and Level Annotations

Branches:
Dungeon (2/15)

Altars:
Cheibriados


Innate Abilities, Weirdness & Mutations

You cannot wear armour.
You are incapable of wielding weapons or throwing items.
Your paws allow you to move quietly. (Stealth)
You have sharp claws.
You have razor-sharp teeth.
You have supernaturally acute eyesight. (SInv)
You are carnivorous and can eat meat at any time.
You cover ground quickly.
You are covered in fur. (AC +1)
You have a slow metabolism.
Your sharp claws are effective at attacking unaware monsters.


Message History

Found a stone staircase leading down.
A shadow imp is nearby!
You scratch the shadow imp but do no damage.
The shadow imp misses you.
You closely miss the shadow imp. The shadow imp hits you.
You take 5 damage, and have 9/14 hp.
MASSIVE DAMAGE!!
Aim: a shadow imp (chance to defeat MR: 68%)
The shadow imp is outlined in light.
The shadow imp misses you.
You now have 6/7 mp.
You scratch the shadow imp but do no damage.
You bite the shadow imp. The shadow imp misses you.
You completely miss the shadow imp. The shadow imp hits you.
* * * LOW HITPOINT WARNING * * *
You take 6 damage, and have 3/14 hp.
MASSIVE DAMAGE!!
You scratch the shadow imp but do no damage.
The shadow imp misses you.
You scratch the shadow imp but do no damage.
You bite the shadow imp, but do no damage.
The shadow imp hits you.
You die...

#.#.#........#
#...#........#
#...#........#
#####._......#+#.#
.............#...#
...###.......#...#
.....+.......'...#
....##.......##..#
....##.......###@#
###.##....(..# #5#
#)########## #># #
#.# #.. # #.# #..
###.# #... '...#
#... ##### #.... #


You could see a shadow imp.

Vanquished Creatures
  A dart slug (D:2)
  4 bats
  2 giant cockroaches (D:1)
  5 goblins
  2 hobgoblins
  6 kobolds
  2 frilled lizards (D:1)
  6 rats
28 creatures vanquished.

Notes
Turn   | Place    | Note
-------+----------+-------------------------------------------
     0 | D:1      | Kikal the Felid Enchanter began the quest for the Orb.
     0 | D:1      | Reached XP level 1. HP: 7/7 MP: 4/4
   357 | D:1      | Reached skill level 5 in Hexes
   357 | D:1      | Reached XP level 2. HP: 11/11 MP: 6/6
   361 | D:1      | Learned a level 2 spell: Ensorcelled Hibernation
  1525 | D:2      | Reached XP level 3. HP: 14/14 MP: 7/7
  1530 | D:2      | Learned a level 3 spell: Confuse
  1599 | D:2      | Found a snail-covered altar of Cheibriados.
  1630 | D:2      | Became a worshipper of Cheibriados the Contemplative
  1726 | D:2      | Slain by a shadow imp

Vault maps used:
D:1:      co_arrival_random_square_maze, corexii_item_surrounded_by_moat
D:2:      cheibriados_altar_1, lemuel_coloured_pillars_altar

Skill      XL: |  1 |
---------------+----+-----
Hexes          | 5 |  5.3
Dodging        | |  2.6
Stealth        | |  4.2
Unarmed Combat | |  1.6
Spellcasting   | |  2.0
Ice Magic      | |  0.8

Action                   || total
-------------------------++-------
Melee: Unarmed           ||    58
       Punch             ||     2
       Bite              ||     5
 Cast: Corona            ||     9
       Ensorcelled Hiber ||     3
 Stab: Sleeping          ||    14
  Eat: Chunk             ||     9
Armor: Skin              ||     1
Dodge: Dodged            ||    34

Table legend:
 A = Spawn XP
 B = Non-spawn XP
 C = Spawn XP percentage of total XP
 D = Spawn monster count
 E = Non-spawn monster count
 F = Spawn count percentage of total count
 G = Total turns spent on level
                    A         B        C        D         E        F      G
               +---------+---------+-------+---------+---------+-------+---------
         Total |       0 |      45 |   0.0 |       0 |      28 |   0.0 |  1726
               +---------+---------+-------+---------+---------+-------+---------
           D:1 |       0 |      25 |   0.0 |       0 |      17 |   0.0 |  1157
           D:2 |       0 |      20 |   0.0 |       0 |      11 |   0.0 |   569
               +---------+---------+-------+---------+---------+-------+---------
